[Event "93rd German Championship 2022"]
[Site "Magdeburg"]
[Date "2022.08.15"]
[Round "2.16"]
[White "Koehler, Christian Friedrich"]
[Black "Vogel, Roven"]
[Result "0-1"]
[ECO "B21"]
[WhiteElo "2285"]
[BlackElo "2465"]
[Annotator "TA"]
[PlyCount "26"]
[EventDate "2022.08.14"]
[EventType "swiss"]
[EventCountry "GER"]
[SourceTitle "playchess.com"]
[Source "ChessBase"]
[SourceQuality "1"]
[TimeControl "40/5400+30:1800+30"]

1. e4 c5 2. f4 d5 3. exd5 Nf6 4. Bb5+ Nbd7 5. c4 a6 6. Bxd7+ Bxd7 7. Nf3 e6 {[%emt 0:00:07] B21: Sicilian: 2 f4 and Morra Gambit.} 8. dxe6 Bxe6 9. b3 Bd6 {[%emt 0:05:14] The position is equal.} 10. d4 (10. d3 $11 {remains equal.}) 10... cxd4 $17 {[%emt 0:01:30][%cal Od4d3] [#] ...d3! is the strong threat. Black is more active.} 11. Qxd4 $146 {[%emt 0:01:08] [#]} ({White should play} 11. O-O $1 $15) ({Predecessor:} 11. O-O O-O 12. Bb2 Bxf4 13. Bxd4 b5 14. cxb5 axb5 15. Nc3 b4 16. Ne2 Bh6 17. Bc5 {0-1 (31) Burke,M-Scherer,J ICCF email 2013}) 11... Qe7 $1 $19 12. Be3 {[%emt 0:10:33] [#]} Ng4 ({Black should try} 12... Bb4+ $1 $19 13. Nbd2 Rd8) 13. Ne5 $2 ({Don't go for} 13. Qxg7 $2 O-O-O 14. O-O Nxe3 $19) (13. c5 $15 Nxe3 14. cxd6 Nc2+ 15. Kd2 Nxd4 16. dxe7 Nxf3+ 17. gxf3) 13... Rd8 {[%emt 0:02:39] Weighted Error Value: White=1.03/Black=0.32} 0-1

[Event "93rd German Championship 2022"]
[Site "Magdeburg"]
[Date "2022.08.15"]
[Round "2.17"]
[White "Florstedt, Johannes"]
[Black "Westphal, Wolfgang"]
[Result "1-0"]
[ECO "B01"]
[WhiteElo "2368"]
[BlackElo "2175"]
[Annotator "TA"]
[PlyCount "37"]
[EventDate "2022.08.14"]
[EventType "swiss"]
[EventCountry "GER"]
[SourceTitle "playchess.com"]
[Source "ChessBase"]
[SourceQuality "1"]
[TimeControl "40/5400+30:1800+30"]

1. e4 d5 2. exd5 Qxd5 3. Nc3 Qa5 4. d4 c6 5. Bc4 Nf6 6. Nf3 Bf5 7. Bd2 e6 8. Nd5 Qd8 9. Nxf6+ gxf6 {[%emt 0:00:05] 9...gxf6 is better than 9...Qxf6.} 10. O-O {[%emt 0:00:14][%cal Bh1f1,Bf1e1,Be1e6][%mdl 32] B01: Scandinavian Defence.} Nd7 11. Re1 Qc7 12. Nh4 $1 {[%emt 0:04:36] White is better.} Bg6 {[%emt 0:00:21] [#]} 13. Bxe6 $1 {[%emt 0:00:10][%mdl 512] White is more active.} fxe6 14. Rxe6+ Kf7 {[%emt 0:02:06] [#]} 15. Qe2 {[%emt 0:00:26] Threatens to win with Re1.} (15. Qg4 $6 Bd6 $11) 15... Bd6 {[%emt 0:21:51] [#]} (15... Rg8 $16) 16. Bf4 $1 {[%emt 0:00:50][%mdl 512] [#]} Rhe8 $146 {[%emt 0:14:57] [#]} (16... Bxf4 17. Re7+ Kf8 18. Nxg6+ hxg6 19. Qe6) ({Predecessor:} 16... Rae8 17. Re1 Ne5 18. Rxe8 Rxe8 19. dxe5 Bxe5 20. Qc4+ Kg7 21. Nxg6 hxg6 22. Bg3 Re7 23. Bxe5 Rxe5 24. Qc3 Rxe1+ 25. Qxe1 {1-0 (45) Orozbaev,E (1973)-Muromtsev,A (2161) Chess.com INT 2020}) 17. Re1 $1 Be5 18. Rxe8 {[%emt 0:01:05] Really sharp!} ({And not} 18. Bxe5 fxe5 19. Rxe8 Rxe8 $15) 18... Rxe8 19. Nf3 {[%emt 0:09:19][%mdl 64] Pin. White took control after the opening.  Weighted Error Value: White=0.08 (flawless) /Black=0.27 (precise)} 1-0

[Event "93rd German Championship 2022"]
[Site "Magdeburg"]
[Date "2022.08.15"]
[Round "2.18"]
[White "Costa, Leonardo"]
[Black "Becker, Stefan"]
[Result "1-0"]
[ECO "B42"]
[WhiteElo "2316"]
[BlackElo "2101"]
[Annotator "TA"]
[PlyCount "85"]
[EventDate "2022.08.14"]
[EventType "swiss"]
[EventCountry "GER"]
[SourceTitle "playchess.com"]
[Source "ChessBase"]
[SourceQuality "1"]
[TimeControl "40/5400+30:1800+30"]

1. e4 c5 2. Nf3 e6 3. d4 cxd4 4. Nxd4 a6 5. Bd3 Nf6 6. O-O Qc7 7. Qe2 d6 8. c4 g6 9. Nc3 Bg7 10. Nf3 O-O 11. Bf4 Nh5 12. Bd2 Nc6 13. Rac1 Nf6 14. Rfd1 Nd7 15. Bf4 Nce5 16. b3 {[%emt 0:11:08] B42: Sicilian: Kan Variation: 5 Bd3.} b6 17. Bb1 {[%emt 0:01:06] White is more active.} Rd8 {[%emt 0:04:37] [#]} 18. Bg5 $146 {[%emt 0:06:20] White is slightly better.} ({Predecessor:} 18. Nd4 Bb7 19. Bg5 Re8 20. Kh1 Nc6 21. Nxc6 Qxc6 22. Qd2 Bf8 23. f4 f6 24. Bh4 Rad8 25. Ne2 Qc8 26. Nc3 {½-½ (44) Nurbekoglu,M-Telljohann,S GER corr 1993}) 18... Re8 19. Ne1 f6 20. Bf4 Bb7 21. Qd2 Bf8 22. Nc2 Rad8 23. Ne3 Qb8 24. Bg3 Nf7 25. Kh1 Qa8 26. Re1 Nc5 27. Ng4 Bg7 28. b4 (28. f3 $14) 28... Nd7 (28... f5 $1 $11) 29. f4 f5 30. exf5 gxf5 31. Ne3 Nf6 32. Bh4 $1 Qb8 33. Qf2 $36 {[%emt 0:01:12][%cal Ob1f5][%mdl 2048] White is pushing.} Kh8 {[%emt 0:01:26] [#]} (33... Nh6 $14) 34. Nc2 $2 ({Better is} 34. Ncd5 $1 $18 Nd7 35. Bxd8 Rxd8 36. Bxf5 $1 ) 34... Rc8 $2 (34... Ng4 $11 {and Black stays safe.} 35. Qd2 d5 36. Bxd8 Rxd8 37. cxd5 (37. Rxe6 $2 dxc4 38. Rce1 Rxd2 $19) 37... Bxd5 38. Nxd5 Rxd5) 35. Nd4 $1 $18 Nd8 (35... Rxc4 36. Nxe6 Rxe6 37. Rxe6) (35... Ng4 {keeps fighting.} 36. Qd2 Nge5) 36. Bxf5 $2 Rxc4 $14 (36... exf5 $2 37. Bxf6 Ne6 38. Rxe6 $18) 37. Nxe6 $2 (37. Bb1 $14 {stays ahead.}) 37... Nxe6 $17 38. Bxe6 {[%emt 0:00:34] [#]} ({Don't go for} 38. Rxe6 $2 Rxe6 39. Bxe6 Ne4 $19) 38... Rxb4 (38... Rxc3 $1 $17 {[%mdl 512] keeps the pressure on.} 39. Rxc3 Ne4 40. Rxe4 Bxe4) 39. f5 $2 ({Only move:} 39. a3 $18 Ne4 {[#]} 40. Qc2 $1) 39... d5 (39... Rg4 $14) 40. Bxf6 (40. Bg3 $18 Qd8 41. Rcd1) 40... Bxf6 $16 41. Nxd5 Bh4 (41... Bxd5 $16 42. Bxd5 Rd8) 42. Qe3 {[%emt 0:00:00] Threatening mate with Qc3+.} Bxe1 (42... Rg4 $142 43. Qh3 h5) 43. Nxb4 {[%emt 0:00:00] Weighted Error Value: White=0.53/Black=0.69} 1-0

[Event "93rd German Championship 2022"]
[Site "Magdeburg"]
[Date "2022.08.15"]
[Round "2.19"]
[White "Yi, Danny"]
[Black "Tschernatsch, Johannes"]
[Result "1-0"]
[ECO "B93"]
[WhiteElo "2273"]
[BlackElo "2296"]
[Annotator "TA"]
[PlyCount "71"]
[EventDate "2022.08.14"]
[EventType "swiss"]
[EventCountry "GER"]
[SourceTitle "playchess.com"]
[Source "ChessBase"]
[SourceQuality "1"]
[TimeControl "40/5400+30:1800+30"]

1. e4 c5 2. Nf3 d6 3. d4 cxd4 4. Nxd4 Nf6 5. Nc3 a6 6. f4 e5 7. Nf3 Nbd7 8. a4 Qc7 9. Bd3 Be7 10. O-O O-O 11. Qe1 Re8 {[%emt 0:00:09] B93: Sicilian Najdorf: 6 f4.} 12. Kh1 Nc5 13. fxe5 dxe5 {[%emt 0:00:14] The position is equal.} 14. Qg3 Be6 15. Be3 {[%emt 0:18:39] [#]} (15. Nxe5 $2 Nh5 16. Qf3 Qxe5 $19) 15... Rad8 $146 (15... Nxd3 16. cxd3 Ng4 17. Bg1 $11) ({Predecessor:} 15... h6 16. Qxe5 Bd6 17. Qd4 Rad8 18. e5 Be7 19. Qb4 Nxd3 20. Qb6 Qxb6 21. Bxb6 Ng4 22. Bxd8 {0-1 (57) Rebord,M (2507)-Saglione,E (2507) ICCF email 2009}) 16. Rad1 (16. Nxe5 $2 Nh5 17. Qf3 Qxe5 $19) 16... Nxd3 (16... h6 {is interesting.} 17. Nh4 Nh5 18. Qf3 Bxh4 19. Qxh5 Nxd3 20. cxd3 Be7) 17. cxd3 Ng4 (17... Bb3 $5 18. Rc1 Rxd3 $15) 18. Bg1 Rd7 19. h3 Nf6 20. Bh2 (20. Nxe5 Nh5 21. Qh2 f6 $1 22. Nxd7 Ng3+ 23. Qxg3 Qxg3 $17) 20... Bd6 (20... Bb3 $1 $15 {might be stronger.} 21. Rd2 (21. Qxe5 $2 Bd6 $17) 21... Bd6) 21. Ng5 $11 {[%emt 0:03:31][%cal Of1f6] Hoping for Rxf6!} ({Avoid the trap} 21. Nxe5 $2 Bb3 22. d4 (22. Rxf6 $2 Bxe5 23. Qg4 Bxd1 $19) 22... Bxd1 23. Rxf6 Bxe5 24. dxe5 Bxa4 $1 $19 ) 21... Qd8 {[%emt 0:02:06] next ...Bb3 is good for Black.} ({Much less strong is} 21... Bb3 {[#]} 22. Rxf6 $1 Bxd1 23. Nxd1 $1 $16) 22. Nxe6 Rxe6 23. Qf2 {[%emt 0:04:14] Prevents Bc5.} Bc7 24. Qf3 h6 25. Bg3 Ba5 26. Ne2 Qb6 (26... Ne8 $17 {...Rf6 is the strong threat.} 27. Nc3 Nc7) 27. d4 $14 exd4 28. e5 Nh7 (28... Qxb2 $2 29. Nf4 Rxe5 30. Nd3 $18) (28... Qc6 $11 {keeps the balance.}) 29. Nxd4 $1 $16 Ng5 (29... Rg6 $16) 30. Qg4 $18 {[%emt 0:00:41] Black must now prevent h4.} h5 $2 (30... Qd8 31. Nxe6 Nxe6) 31. Qxg5 Rxd4 32. Qxh5 (32. Rxd4 Qxd4 33. Qxh5 Qd7 $14) 32... Rg6 (32... Rxd1 $142 33. Qxf7+ (33. Rxd1 Qc6 $14) 33... Kh7) 33. Rxd4 Qxd4 {[%emt 0:00:41] [#]} 34. e6 $1 Rh6 (34... Rf6 35. exf7+) 35. exf7+ (35. Qxf7+ $142 Kh7 36. e7 Qe4 37. e8=Q Qxe8 38. Qxe8 Bb4 39. Qe4+ Kh8 40. Qxb4) 35... Kf8 36. Qxa5 {[%emt 0:00:28] Weighted Error Value: White=0.07 (flawless) /Black=0.64} 1-0

[Event "93rd German Championship 2022"]
[Site "Magdeburg"]
[Date "2022.08.15"]
[Round "2.20"]
[White "Burian, Simon"]
[Black "Hourigan, Gerrit"]
[Result "0-1"]
[ECO "B90"]
[WhiteElo "2189"]
[BlackElo "2306"]
[Annotator "TA"]
[PlyCount "106"]
[EventDate "2022.08.14"]
[EventType "swiss"]
[EventCountry "GER"]
[SourceTitle "playchess.com"]
[Source "ChessBase"]
[SourceQuality "1"]
[TimeControl "40/5400+30:1800+30"]

1. e4 c5 2. Nf3 d6 3. d4 cxd4 4. Nxd4 Nf6 5. Nc3 a6 6. h4 {[%emt 0:00:19] B90: Sicilian Najdorf: Unusual White 6th moves, 6 Be3 Ng4 and 6 Be3 e5.} e5 7. Nb3 Be7 8. Bg5 {[%emt 0:00:08] The position is equal.} Be6 9. Bxf6 Bxf6 10. g3 O-O 11. Qd2 a5 12. a4 Na6 {[%emt 0:02:04] [#]} 13. Nd5 $146 ({Predecessor:} 13. Bh3 Bxh3 14. Rxh3 Nb4 15. O-O-O b5 16. Nxb5 Qd7 17. Rdh1 Rac8 18. c3 Qg4 19. Na1 Qxe4 {0-1 (28) Mazur,S (2472)-Martinovic,S (2565) Slovakia 2018}) 13... Nb4 14. Nxf6+ (14. Nxb4 $11 {keeps the balance.} axb4 15. Qxb4) 14... Qxf6 $17 15. Nxa5 Nxc2+ $2 (15... Qf3 $19 16. Qxb4 Qxh1) 16. Qxc2 $15 {[%emt 0:00:17] And now Nc4 would win.} Rxa5 17. Be2 {[%emt 0:03:52] Against Qf3} Rc5 18. Qd2 Rfc8 19. Bd1 Qg6 20. Qe3 Rc4 $1 21. Bf3 Rb4 $1 22. O-O Rxb2 {[%emt 0:05:31] Black is more active.} (22... Rb3 $17 23. Qe2 Bc4) 23. Rab1 Rcc2 24. Rxb2 Rxb2 25. Qa3 Rb6 26. a5 Rc6 27. Qb4 (27. Rb1 $11 Bc8 28. Rb6 Rxb6 29. axb6) 27... Bc8 28. Bd1 Qf6 29. Ba4 (29. Kg2 $15) 29... Rc5 {[%emt 0:00:33] aiming for ...Bh3.} (29... Bh3 {looks sharper.} 30. Qa3 Rc5 31. Rb1 Rxa5 32. Rxb7 g6) 30. Kg2 {[%emt 0:01:58] Inhibits Bh3+.} Qd8 31. Rd1 $1 {[%emt 0:00:43] Qxc5 is the strong threat.} Qc7 ({Much less strong is} 31... Rxa5 32. Rxd6 Qf8 33. Bb3 $16) 32. Qb6 Qxb6 33. axb6 {[%emt 0:00:05][%mdl 4096] Endgame KRB-KRB} Kf8 $1 34. Rxd6 Ke7 $1 {[%emt 0:00:14] Inhibits Rd8.} 35. Rd3 Rc4 ({Black should play} 35... Be6 $15) 36. Bb3 $11 Rc6 37. Bd5 Rxb6 38. Rc3 $1 Bd7 39. Rc7 {[%emt 0:00:08] Against Bc6} Kd6 40. Rxb7 Rxb7 41. Bxb7 Bc6 42. Bxc6 Kxc6 {[%emt 0:00:01] KP-KP} 43. Kf3 Kc5 {[%emt 0:03:12] Hoping for ...Kd4.} 44. Ke3 h5 45. f3 $2 {[%emt 0:00:00][%mdl 8192] [#]} (45. Kd3 $11) 45... Kc4 $1 $19 46. g4 hxg4 {[%emt 0:04:27] Black mates.} 47. fxg4 {[%emt 0:00:00] K3P-K3P} Kc3 48. h5 f6 49. Kf3 Kd3 50. g5 fxg5 51. Kg4 Kxe4 52. Kxg5 {[%emt 0:00:00] [#]} Kf3 $1 53. Kg6 Kg4 {[%emt 0:00:37] Weighted Error Value: White=0.42/Black=0.11 (very precise)} 0-1

[Event "93rd German Championship 2022"]
[Site "Magdeburg"]
[Date "2022.08.15"]
[Round "2.21"]
[White "Stricker, Florian"]
[Black "Cofmann, Veaceslav"]
[Result "0-1"]
[ECO "B01"]
[WhiteElo "2182"]
[BlackElo "2301"]
[Annotator "TA"]
[PlyCount "91"]
[EventDate "2022.08.14"]
[EventType "swiss"]
[EventCountry "GER"]
[SourceTitle "playchess.com"]
[Source "ChessBase"]
[SourceQuality "1"]
[TimeControl "40/5400+30:1800+30"]

1. e4 d5 2. Nc3 d4 3. Nce2 c5 4. Nf3 Nc6 5. Ng3 g6 6. Bb5 {[%emt 0:03:43] A00: Irregular Openings.} Bd7 7. Bxc6 Bxc6 {[%emt 0:00:08] [#]} 8. Ne5 $146 {[%emt 0:01:04] The position is equal.} ({Predecessor:} 8. d3 Bg7 9. Bf4 f6 10. O-O e5 11. Bd2 Ne7 12. Ne1 g5 13. Qh5+ Kf8 14. Qe2 {½-½ (38) Savio,A (2052)-Tomazini,A (2314) Wolfsberg 2014}) 8... Qc7 9. Nxc6 (9. f4 {is more complex.} h5 10. d3 e6 11. O-O) 9... Qxc6 10. O-O h5 11. h4 e6 12. Re1 (12. d3 $11 {keeps the balance.}) 12... e5 (12... Be7 $17) 13. d3 $15 Be7 14. f4 {[%emt 0:05:39] White is now going downhill.} (14. Bg5 $15) 14... Bxh4 $17 15. Qf3 Nf6 16. Rf1 Ng4 17. fxe5 Qe6 18. Ne2 Nxe5 (18... Qxe5 $2 19. Qxf7+ Kd8 20. Bf4 $18) 19. Qf4 Be7 {[%emt 0:01:09] Black is much more active.} 20. b4 b6 21. Qf2 (21. bxc5 $17 bxc5 22. Qg3) 21... Ng4 $19 22. Qf3 O-O 23. Nf4 Qe5 24. Qh3 Bd6 25. bxc5 bxc5 26. Rb1 Rab8 27. Rb3 c4 28. dxc4 Rxb3 (28... Qxe4 29. Qd3 Qe5 30. g3 $17) 29. axb3 Qxe4 30. Qd3 Qe5 {[%emt 0:01:13] Strongly threatening ...g5.} 31. Qe2 $2 {[%emt 0:00:30] [#]} (31. g3 {is a better defense.}) 31... Ne3 32. Bxe3 dxe3 33. g3 Re8 34. Rf3 $2 (34. Qf3) 34... Qg5 {[%emt 0:01:12] [#] aiming for ...Bxf4.} 35. Nd5 {[%emt 0:00:53] Hoping for Nf6+.} Bxg3 {[%emt 0:00:22] ( -> ...Bf2+)} 36. Kf1 Bh2 37. Ke1 Qh4+ 38. Kf1 Be5 $2 (38... Bg3 39. Nf6+ Kf8 40. Rxg3 Qxg3 41. Nxe8 Kxe8) 39. Qxe3 $2 (39. Rxe3 Qh1+ 40. Kf2) 39... Qh1+ 40. Ke2 Re6 {[%emt 0:01:08] Inhibits Nf6+.} ({Weaker is} 40... f5 41. Nf6+ Bxf6 42. Qxe8+ Kh7 43. Qf7+ (43. Rg3 Qh2+ 44. Kf3 Qh1+ 45. Ke2 Qh2+ 46. Kf3 Qh1+ 47. Ke2 $11) 43... Bg7 44. Qd5 $14 (44. Qxa7 Qc1 $11) (44. Rg3 Qe4+ 45. Kd1 Qd4+ 46. Ke1 Qe5+ 47. Kf2 Qf4+ 48. Kg2 Qe4+ 49. Kh2 Qh4+ 50. Kg2 Qe4+ 51. Kg1 Qd4+ 52. Kh2 Qh4+ 53. Kg2 Qe4+ $11)) 41. Rf1 Qg2+ 42. Rf2 Qg4+ 43. Kd3 Bg7 44. Qf4 Qd1+ 45. Qd2 Qh1 $2 (45... Qa1 46. Qf4 f5) 46. Qf4 {[%emt 0:00:55] Weighted Error Value: White=0.81/Black=0.41} 0-1

[Event "93rd German Championship 2022"]
[Site "Magdeburg"]
[Date "2022.08.15"]
[Round "2.22"]
[White "Kunin, Vitaly"]
[Black "Eichstaedt, Mirko"]
[Result "1-0"]
[ECO "D02"]
[WhiteElo "2528"]
[BlackElo "2223"]
[Annotator "TA"]
[PlyCount "71"]
[EventDate "2022.08.14"]
[EventType "swiss"]
[EventCountry "GER"]
[SourceTitle "playchess.com"]
[Source "ChessBase"]
[SourceQuality "1"]
[TimeControl "40/5400+30:1800+30"]

1. d4 d5 2. Nf3 Nf6 3. c4 c6 4. Qb3 dxc4 5. Qxc4 Bg4 6. Nbd2 e6 {D23: Queen's Gambit Accepted: 3 Nf3 Nf6 sidelines.} 7. g3 Be7 8. Bg2 O-O {The position is equal.} 9. O-O Nbd7 10. Rd1 Nb6 11. Qb3 a5 12. Nc4 Nxc4 13. Qxc4 {[#]} a4 $146 ({Predecessor:} 13... Qd5 14. Qc3 Bb4 15. Qe3 Qb5 16. a3 Be7 17. h3 Bf5 18. Ne5 Bc2 19. Re1 c5 {½-½ (71) Kunin,V (2550)-Gadimbayli,A (2460) Moscow 2020}) 14. Ne5 Bh5 15. Bg5 Nd7 16. Bxc6 {[#] aiming for Bxe7.} Nb6 (16... Rc8 $11 {keeps the balance.} 17. Bxe7 (17. Nxd7 Rxc6 18. Qb5 Qxd7 $11) 17... Qxe7 18. Nxd7 Rxc6) 17. Bxe7 $16 {0x0.001f251ddae0dp-1022s more active pieces. Black is on the road to losing.} Nxc4 18. Bxd8 bxc6 19. Nxc4 {Strongly threatening Bc7.} Bxe2 20. Be7 Rfe8 (20... Bxc4 $142 21. Bxf8 Kxf8) 21. Nb6 $18 Bxd1 22. Rxd1 ({Weaker is} 22. Nxa8 Bc2 $16) 22... Ra6 23. Bc5 f6 24. Nc4 g5 25. Re1 Kg7 26. Nd6 Rb8 27. Rxe6 Rxb2 28. Nf5+ Kg6 29. g4 h5 30. h3 {[#] White wants to mate with Re7.} hxg4 31. hxg4 {Re7 would kill now.} Rb7 32. Be7 Rab6 33. Rxf6+ {White mates.} Kh7 34. Rf7+ Kg8 35. Nh6+ Kh8 36. Bf6# {Weighted Error Value: White=0.04 (flawless) /Black=0.60} 1-0

[Event "93rd German Championship 2022"]
[Site "Magdeburg"]
[Date "2022.08.16"]
[Round "3.1"]
[White "Roseneck, Jonas"]
[Black "Bethke, Richard"]
[Result "1/2-1/2"]
[ECO "A80"]
[WhiteElo "2384"]
[BlackElo "2381"]
[Annotator "TA"]
[PlyCount "140"]
[EventDate "2022.08.14"]
[EventType "swiss"]
[EventCountry "GER"]
[SourceTitle "playchess.com"]
[Source "ChessBase"]
[SourceQuality "1"]
[TimeControl "40/5400+30:1800+30"]

1. d4 f5 2. Bg5 h6 3. Bh4 g5 4. e3 Nf6 5. Bg3 d6 6. Nc3 Bg7 {[%emt 0:04:05] A80: Dutch Defence: Unusual White second moves.} 7. h4 g4 $1 8. Bc4 $1 {[%emt 0:02:20][%mdl 4] is recently more successful than 8.h5.} Nc6 {[%emt 0:05:05] White is slightly better.} 9. Nge2 Nh5 {[%emt 0:05:27] [#]} 10. Qd3 $146 ({Predecessor:} 10. Nf4 Nxf4 11. Bxf4 e5 12. dxe5 dxe5 13. Bg3 Qe7 14. a3 Bd7 15. h5 Qc5 16. Qd5 Qxd5 17. Nxd5 {½-½ (25) Leiva Rodriguez,J (2283)-Neiksans,A (2537) Istanbul 2012}) 10... e6 {[%emt 0:09:01] Prevents Nd5.} 11. O-O-O Qe7 (11... Na5 {keeps more tension.} 12. f3 O-O 13. fxg4 fxg4 14. Rhf1 a6) 12. e4 {[%emt 0:21:07] White is more active.} f4 (12... O-O $14) 13. Nxf4 $16 Nxf4 14. Bxf4 Nxd4 15. e5 (15. Rhe1 $5 ) 15... dxe5 16. Be3 Nf5 (16... Bd7 $1 $14) 17. Ne4 $18 Nxe3 $2 (17... b6 {is a better defense.}) 18. Bb5+ $1 (18. Qxe3 O-O $14) 18... c6 19. Nd6+ Kd8 20. fxe3 (20. Qxe3 Kc7 21. Be2 Rd8 $14) (20. Nf5+ $142 Qd7 21. Qxe3 exf5 22. Rxd7+ Bxd7 23. Rd1 $1) 20... Kc7 {[%emt 0:00:21] [#]} (20... cxb5 $2 21. Nf5+ Qd7 22. Qxb5 $1 $18) 21. Qa3 $2 Rd8 $36 {[%emt 0:01:16][%cal Rd8d6][%mdl 2048] Black is on the roll.} 22. Qa5+ b6 $1 23. Nxc8 Qc5 ({Much less strong is} 23... Kxc8 24. Qc3 Qc5 25. Rxd8+ (25. Bxc6 Qxc3 26. bxc3 Rb8 $11) 25... Kxd8 26. Qd3+ (26. Bxc6 Qxc3 27. bxc3 Rc8 $11) 26... Kc7 27. Rd1 $1 $16) (23... Rxd1+ $17 24. Rxd1 bxa5 25. Nxe7 cxb5) 24. Qa6 $11 Qxb5 (24... cxb5 $2 25. Rxd8 Kxd8 26. Rd1+ Kc7 27. Nd6 Qxd6 28. Rxd6 Kxd6 29. Qb7 $18) 25. Qxb5 {[%emt 0:00:25] The board is on fire.} Rxd1+ 26. Rxd1 {[%emt 0:00:04][%cal Ob5a6] Threatening mate with Qa6!} cxb5 {[%emt 0:00:04][%mdl 4096] Endgame KRB-KRN} 27. Nd6 a6 28. Ne4 {[%emt 0:00:36] Inhibits Bf6.} Rf8 29. Rd6 Rf1+ 30. Kd2 Rg1 31. Rxe6 Rxg2+ 32. Kd3 Bf8 {[%emt 0:00:28] Against Re7+} 33. Re8 Bd6 (33... Bc5 $5 ) 34. Rh8 {[%emt 0:00:21] And now Rh7+ would win.} Be7 35. Rh7 Kd8 36. Rxh6 Rg1 {[%emt 0:00:30] [#]} (36... g3 $11) 37. h5 $1 $16 g3 {[%emt 0:00:35] [#]} 38. Rg6 ({But not} 38. Rxb6 $2 Rd1+ 39. Nd2 (39. Ke2 $2 g2 $19) 39... g2 $19) (38. Ke2 $1 $16) 38... g2 $14 39. Ke2 {[%emt 0:00:12] Prevents Rd1.} Rh1 40. Rxg2 Rxh5 41. Rg6 {[%emt 0:30:09] Inhibits Rh6.} Kc7 42. Re6 Bd8 43. Kd3 ({White should play} 43. a3 $16) 43... b4 $11 44. Nd2 Kd7 {[%emt 0:00:00] The position is equal.} 45. Rg6 a5 46. Ke4 Rh2 47. Nc4 Rxc2 48. Kd5 Bc7 {[%emt 0:00:00] ...b5 is the strong threat.} 49. Rg7+ Kc8 50. Rg8+ Kb7 51. Rg7 Kc8 52. Rg8+ Kb7 53. Rg7 a4 {[%emt 0:01:10] Strongly threatening ...b5.} 54. Nd6+ Ka6 55. Nc4 {[%emt 0:00:28] Against Rd2+} b5 56. Rxc7 {[%emt 0:01:36] Threatens to win with Rc6+.} bxc4 {[%emt 0:00:03] KR-KR} 57. Rc6+ Kb5 58. Rc5+ Kb6 {[%emt 0:00:04] Hoping for ...Rd2+.} 59. Rc6+ Kb5 {[%emt 0:00:17] ( -> ...Rd2+)} 60. Rc5+ Kb6 {[%emt 0:00:05] White must now prevent ...Rd2+.} 61. Rc6+ Kb7 (61... Kb5 $5 62. Rc5+ $11) 62. Rxc4 Rxb2 63. Kc5 b3 64. axb3 a3 65. Rb4+ Kc7 66. Ra4 Rxb3 67. e4 Rd3 68. Ra7+ $1 Kb8 69. Ra5 Kb7 70. Ra4 $1 Kc7 {[%emt 0:00:28] Weighted Error Value: White=0.20 (precise) /Black=0.18 (very precise)} 1/2-1/2

[Event "93rd German Championship 2022"]
[Site "Magdeburg"]
[Date "2022.08.16"]
[Round "3.2"]
[White "Schulz, Lukas"]
[Black "Pajeken, Jakob Leon"]
[Result "1-0"]
[ECO "C34"]
[WhiteElo "2272"]
[BlackElo "2434"]
[Annotator "TA"]
[PlyCount "43"]
[EventDate "2022.08.14"]
[EventType "swiss"]
[EventCountry "GER"]
[SourceTitle "playchess.com"]
[Source "ChessBase"]
[SourceQuality "1"]
[TimeControl "40/5400+30:1800+30"]

1. e4 e5 2. f4 exf4 3. Nf3 Nf6 4. e5 Nh5 5. Qe2 g5 (5... Be7 $15) 6. Nc3 {[%emt 0:10:04][%mdl 1024] Strongly threatening Nd5. White has compensation. C34: King's Gambit Accepted: 3 Nf3: 3...Nf6 and 3...d6.} g4 7. Nd4 {[%emt 0:03:39][%cal Bf3d4,Bd4b5,Bb5c7][%mdl 32] [#]} Qh4+ $146 ({Predecessor:} 7... Nc6 8. Qxg4 d5 9. Qxh5 Nxd4 10. Bd3 Rg8 11. O-O Bg4 12. Qxh7 Rg7 13. Qh8 Qg5 14. h4 Qxe5 15. Rf2 O-O-O {0-1 (15) Tanski,I-Koudelka,I corr 1997}) 8. Kd1 {[%emt 0:00:11] The position is equal.} Nc6 9. Ndb5 Kd8 {[%emt 0:00:13] Threatens to win with ...a6.} 10. Nd5 a6 (10... Ng3 11. Qf2 $16) (10... f3 $11 {remains equal.} 11. Qe3 (11. gxf3 gxf3 12. Qxf3 Nxe5 $11) 11... Be7) 11. Nbxc7 $16 Ra7 {[%emt 0:00:15][%cal Ob7b6] [#]} 12. Qe4 $2 {[%emt 0:30:07] White is more active.} (12. g3 $1 $16 Nxg3 13. Qf2) 12... Ng3 {[%emt 0:17:14][%mdl 8192] [#] Loses the game.} (12... b6 $15 {stays ahead.} 13. g3 fxg3) 13. hxg3 $1 $18 Qxh1 14. Qxf4 {[%emt 0:00:16] aiming for Qf6+. Really sharp!} Qh6 {[%emt 0:04:01] [#]} (14... f5) 15. Qf2 $1 ({Less strong is} 15. Qxf7 Be7 16. d3 Qf8 17. Qxf8+ Rxf8 $16) 15... d6 16. d3 ({Not} 16. Qxf7 Be7 17. d3 Qg6 18. Qxg6 (18. e6 Rf8 $11) 18... hxg6 $16) 16... Qg6 17. Qb6 Qf5 {[%emt 0:02:34] [#] Inhibits Bg5+.} 18. Bg5+ $1 Be7 (18... Qxg5 19. Ne6+) 19. Bxe7+ Nxe7 20. Ne6+ {[%emt 0:00:50][%mdl 64] Discovered Attack (Double check). Pair of Knights! White mates.} Kd7 21. Qxd6+ Ke8 22. Qxe7# {[%emt 0:00:04] Weighted Error Value: White=0.28 (precise) /Black=1.11} 1-0